 Dungeon Crawl Stone Soup version 0.26-a0-520-g952f204493 (webtiles) character file.

Game seed: 12292724819756125470

37 ANON1729 the Poker (level 3, -1/28 HPs)
             Began as a Merfolk Gladiator on Aug 12, 2020.
             Was a Follower of Ashenzari.
             Splashed by a jelly's acid (3 damage)
             ... on level 1 of the Dungeon.
             The game lasted 00:01:39 (1245 turns).

ANON1729 the Poker (Merfolk Gladiator)              Turns: 1245, Time: 00:01:40

Health: -1/28      AC: -4    Str: 15    XL:     3   Next: 41%
Magic:  3/3        EV: 14    Int:  7    God:    Ashenzari [*.....]
Gold:   86         SH:  0    Dex: 15    Spells: 2/2 levels left

rFire    . . .     SeeInvis .   a - +0 trident
rCold    . . .     Faith    .   (no shield)
rNeg     . . .     Spirit   .   b - +0 leather armour
rPois    .         Reflect  .   c - +0 helmet
rElec    .         Harm     .   (no cloak)
rCorr    .                      (no gloves)
MR       .....                  (no boots)
Stlth    +.........             (no amulet)
HPRegen  0.09/turn              (no ring)
MPRegen  0.08/turn              (no ring)

@: corroded
A: change form in water, swift swim, stealthy swim
a: Curse Item, Scrying, Renounce Religion


You were on level 1 of the Dungeon.
You worshipped Ashenzari.
Ashenzari was aware of your devotion.
You visited 1 branch of the dungeon, and saw 2 of its levels.

You collected 86 gold pieces.

Inventory:

Hand Weapons
 a - a +0 trident (weapon)
Missiles
 d - 3 throwing nets (quivered)
Armour
 b - a +0 leather armour (worn)
 c - a +0 helmet (worn)
Jewellery
 i - a +4 ring of slaying
Scrolls
 e - a scroll of amnesia {unknown}
 f - 2 scrolls of remove curse
 g - 3 scrolls of fog {unknown}
 j - a scroll of enchant weapon {unknown}
 k - a scroll of fear {unknown}
 l - 3 scrolls of identify {unknown}
 m - a scroll of immolation {unknown}
 n - a scroll of noise {unknown}
Potions
 h - a potion of stabbing {unknown}


   Skills:
 + Level 2.6 Fighting
 * Level 5.2 Polearms
 + Level 2.4 Throwing
 + Level 4.4 Dodging


You had 2 spell levels left.
You didn't know any spells.
Your spell library was empty.

Dungeon Overview and Level Annotations

Branches:
Dungeon (2/15)

Altars:
Ashenzari
Sif Muna
The Shining One


Message History

HP restored.
There is a stone staircase leading down here.
You climb downwards.
The jelly jiggles.
The jelly misses you.
There is a stone staircase leading up here.
The jelly barely misses you. The ooze hits you.
You climb upwards.
There is a stone staircase leading down here.
You hit the jelly. The acid corrodes you!
Your hands burn!
The jelly is lightly wounded.
The jelly hits you. The acid corrodes you!
You are splashed with acid!
You hit the jelly.
Your hands burn!
The jelly is moderately wounded.
The jelly hits you.
* * * LOW HITPOINT WARNING * * *
You are splashed with acid.
* * * LOW HITPOINT WARNING * * *
You hit the jelly. The acid corrodes you!
Your hands burn!
You die...

#.#..............#
.............>.###
.......#######.#
#....#########.#
###...).....##.#
##.######.##.###
#.# #.##>.J#
####.# #.####J#
.....######.####@#
#####.........##.#
#.#####.#.##.# #.#
#.#.##.###
#####.##
#.†......#
.......#
###.##.#.#
#####..# #.##.#.#
#..# #.##.#.# #..#
#.##.#.#


You could see a jelly and an ooze.

Vanquished Creatures
  2 oozes
  A leopard gecko (D:1)
  A ball python (D:1)
  3 bats
  A giant cockroach (D:1)
  5 goblins
  2 hobgoblins
  7 kobolds
  2 frilled lizards (D:2)
  2 rats
26 creatures vanquished.

Vanquished Creatures (others)
  8 toadstools (D:2)
8 creatures vanquished.

Grand Total: 34 creatures vanquished

Notes
Turn   | Place    | Note
-------+----------+-------------------------------------------
     0 | D:1      | ANON1729 the Merfolk Gladiator began the quest for the Orb.
     0 | D:1      | Reached XP level 1. HP: 16/16 MP: 1/1
    75 | D:1      | Reached XP level 2. HP: 18/23 MP: 2/2
   164 | D:1      | Found a glowing golden altar of the Shining One.
   710 | D:2      | Reached skill level 5 in Polearms
   796 | D:2      | Found a faded altar of an unknown god.
   827 | D:2      | Became a worshipper of Ashenzari the Shackled
   827 | D:2      | Reached * piety under Ashenzari
   876 | D:2      | Found a shimmering blue altar of Sif Muna.
   920 | D:2      | Reached XP level 3. HP: 26/28 MP: 3/3
  1245 | D:1      | Splashed by a jelly's acid

Illustrated notes

Levels and vault maps discovered:
D:1:      dpeg_arrival_rooms_a, layout_loops_ring, tso_metal_star
D:2:      cheibrodos_fertilizer, layout_rooms, led_sif_pool,
          chequers_ecumenical_altar_twisty, uniq_sigmund

Skill      XL: |  1  2 |
---------------+-------+-----
Polearms       | 5 |  5.2
Fighting       | |  2.6
Throwing       | |  2.4
Dodging        | |  4.4

Action                   || total
-------------------------++-------
Melee: Trident           ||   100
Armor: Leather armour    ||    11
Dodge: Dodged            ||    62

Table legend: (Time is in decaauts)
 A = Elapsed time spent in this place.
 B = Non-inter-level travel time spent in this place.
 C = Inter-level travel time spent in this place.
 D = Time resting spent in this place.
 E = Time spent auto-exploring this place.
 F = Levels seen in this place.
 G = Mean time per level.
                   A        B        C        D        E       F      G
               +--------+--------+--------+--------+--------+-----+--------+
         Total |   1251 |   1218 |     33 |    222 |    780 |   2 |  625.5 |
       Dungeon |   1251 |   1218 |     33 |    222 |    780 |   2 |  625.5 |
               +--------+--------+--------+--------+--------+-----+--------+

Top non-repeatable levels by time:
     D:1: 860 daAuts
     D:2: 391 daAuts
